 Dungeon Crawl Stone Soup version 0.31-a0-816-gd61d57ddb1 (webtiles) character file.

Game seed: 6736998732518913081

35 Essalna the Conjurer (level 3, 24/24 HPs)
             Began as a Demonspawn Conjurer on Sept 22, 2023.
             Got out of the dungeon alive.
             The game lasted 00:01:26 (1058 turns).

Essalna the Conjurer (Demonspawn Conjurer)          Turns: 1058, Time: 00:01:26

Health: 24/24      AC:  2    Str:  7    XL:     3   Next: 17%
Magic:  4/7        EV: 12    Int: 21    God:
Gold:   34         SH:  0    Dex: 11    Spells: 6/7 levels left

rFire   . . .        d - +0 club
rCold   . . .        (no shield)
rNeg    . . .        a - +0 robe
rPois   .            (helmet restricted)
rElec   .            (no cloak)
rCorr   .            (no gloves)
SInv    .            (no boots)
Will    .....        (no amulet)
Stlth   ++           (no ring)
HPRegen 0.24/turn    (no ring)
MPRegen 0.10/turn

%: no passive effects
@: no status effects
A: horns 1, demonic guardian 1
a: no special abilities


You escaped.
You visited 1 branch of the dungeon, and saw 2 of its levels.

You collected 34 gold pieces.

Inventory:

Hand Weapons
 d - a +0 club (weapon)
Armour
 a - a +0 robe (worn)
 g - a +2 helmet
Scrolls
 c - a scroll of enchant weapon {unknown}
 e - a scroll of revelation {unknown}
 f - a scroll of identify {unknown}
 i - a scroll of vulnerability {unknown}
Potions
 b - a potion of magic
 h - a potion of might {unknown}


   Skills:
 - Level 1.7 Dodging
 - Level 1.7 Stealth
 + Level 2.8 Spellcasting
 + Level 4.5 Conjurations


You had 6 spell levels left.
You knew the following spells:

 Your Spells              Type           Power      Damage    Failure   Level
a - Magic Dart            Conj           88%        1d7       1%          1

Your spell library contained the following spells:

 Spells                   Type           Power      Damage    Failure   Level
 Searing Ray              Conj           44%        2d6       3%          2
 Dazzling Flash           Conj/Hex       24%        N/A       16%         3
 Fulminant Prism          Conj/Hex       6%         3d7       47%         4
 Iskenderun's Mystic Bla  Conj/Tloc      12%        2d5       47%         4


Dungeon Overview and Level Annotations

Branches:
Dungeon (2/15)

Altars:


Innate Abilities, Weirdness & Mutations

You have a pair of small horns on your head.
A weak demonic guardian rushes to your aid.


Message History

The adder is lightly wounded.
The adder bites you. The adder bites you but does no damage.
You hit the adder.
The adder is moderately wounded.
The adder bites you but does no damage. The adder misses you.
You hit the adder but do no damage.
The adder is moderately wounded.
The adder barely misses you.
You hit the adder.
The adder is moderately wounded.
The adder barely misses you. x2
You closely miss the adder.
The adder is moderately wounded.
The adder misses you. The adder bites you.
A demonic guardian appears!
You closely miss the adder.
The adder is moderately wounded.
The adder closely misses you.
Casting: Magic Dart (safe; 2% risk of failure)
Confirm with . or Enter, or press ? or * to list all spells.
Aiming: Magic Dart (safe; 2% risk of failure)
Press: ? - help, Shift-Dir - straight line, f - adder
Aim: an adder (moderately wounded, ally target, 100% to hit)
The magic dart hits the adder.
The adder is almost dead.
The adder closely misses you.
Your quasit bites the adder.
The adder dies!
You have reached level 3!
Your experience leads to an increase in your attributes!
Increase (S)trength, (I)ntelligence, or (D)exterity?
You feel clever. x2
You feel monstrous as your demonic heritage exerts itself.
Your demonic ancestry asserts itself...
A pair of horns grows on your head!
Your +2 helmet falls away!
HP restored.
There is a stone staircase leading down here.
Your quasit disappears in a puff of smoke!
There is a stone staircase leading down here.
There is a staircase leading out of the dungeon here.
You have escaped!

......#.....##.#...............##
............................>).##
#.....#........................##
#.....#.........#..#.#...#..#.###
###########....#.#...#.........).
#......#...#......#.######
#.#####.....#####.#.#
#..#...........#....######
#...#....@....#.......##..
########...#.........#..#.##.##..
........(.#...........#...##.....
#######..#####.....#####.........
##......#...#........#.....
####.#..#.#...........##..
#.#...#.........#####..
#.#.....###.###.# ##.. #.##.#.##
#.###.# ##...


There were no monsters in sight!

Vanquished Creatures
  2 bats (D:1)
  3 endoplasms (D:1)
  2 giant cockroaches (D:1)
  2 goblins (D:1)
  3 hobgoblins
  2 kobolds (D:1)
  2 quokkas (D:1)
  A ball python (D:1)
  2 frilled lizards (D:1)
  4 rats (D:1)
23 creatures vanquished.

Vanquished Creatures (collateral kills)
  An adder (D:1)
1 creature vanquished.

Grand Total: 24 creatures vanquished

Notes
Turn   | Place    | Note
-------+----------+-------------------------------------------
     0 | D:1      | Essalna the Demonspawn Conjurer began the quest for the
                  | Orb.
     0 | D:1      | Reached XP level 1. HP: 13/13 MP: 3/3
   327 | D:1      | Gained mutation: A weak demonic guardian rushes to your
                  | aid. [demonic ancestry]
   327 | D:1      | Reached XP level 2. HP: 19/19 MP: 0/5
  1023 | D:1      | Discovered your monstrous ancestry.
  1023 | D:1      | Gained mutation: You have a pair of small horns on your
                  | head. [demonic ancestry]
  1023 | D:1      | Reached XP level 3. HP: 22/24 MP: 0/7
  1058 | D:$      | Got out of the dungeon alive.

Illustrated notes

Levels and vault maps discovered:
D:1:      scummos_arrival_star, layout_loops_cross
D:2:      layout_rooms, serial_shops, nicolae_shop_tiny_waterfront, basic_altar,
          hex_intersection

Action                     || total
---------------------------++-------
  Melee: Unarmed           ||    13
         Club              ||    18
   Cast: Magic Dart        ||    50
 Armour: Robe              ||    19
  Dodge: Dodged            ||    33

Table legend: (Time is in decaauts)
 A = Elapsed time spent in this place.
 B = Non-inter-level travel time spent in this place.
 C = Inter-level travel time spent in this place.
 D = Time resting spent in this place.
 E = Time spent auto-exploring this place.
 F = Levels seen in this place.
 G = Mean time per level.
                   A        B        C        D        E       F      G
               +--------+--------+--------+--------+--------+-----+--------+
         Total |   1063 |   1011 |     52 |      0 |    864 |   2 |  531.5 |
       Dungeon |   1063 |   1011 |     52 |      0 |    864 |   2 |  531.5 |
               +--------+--------+--------+--------+--------+-----+--------+

Top non-repeatable levels by time:
     D:1: 1056 daAuts
     D:2: 6 daAuts
